 Dungeon Crawl Stone Soup version 0.29.1-2-gbd0b4ee654 (webtiles) character file.

Game seed: 9638145353655122956

145 warriortoast the Conjurer (level 5, -4/28 HPs)
             Began as a Deep Elf Conjurer on Oct 25, 2022.
             Was an Initiate of Sif Muna.
             Slain by a scorpion (6 damage)
             ... on level 4 of the Dungeon.
             The game lasted 00:05:31 (4269 turns).

warriortoast the Conjurer (Deep Elf Conjurer)       Turns: 4269, Time: 00:05:32

Health: -4/28      AC:  3    Str:  2 (4)  XL:     5   Next: 6%
Magic:  11/14      EV: 12    Int: 25      God:    Sif Muna [......]
Gold:   104        SH:  0    Dex: 13      Spells: 10/14 levels left

rFire   . . .      SeeInvis .   o - +0 short sword
rCold   . . .      Faith    .   (no shield)
rNeg    . . .      Spirit   .   a - +0 robe
rPois   .          Reflect  .   m - +0 helmet
rElec   .          Harm     .   (no cloak)
rCorr   .          Rampage  .   (no gloves)
Will    .....                   (no boots)
Stlth   +.........              (no amulet)
HPRegen 0.09/turn               (no ring)
MPRegen 0.14/turn               (no ring)

@: confused
A: no striking features
a: Renounce Religion


You were on level 4 of the Dungeon.
You worshipped Sif Muna.
Sif Muna was noncommittal.
You visited 2 branches of the dungeon, and saw 5 of its levels.

You collected 104 gold pieces.

Inventory:

Hand Weapons
 o - a +0 short sword (weapon)
Missiles
 l - a throwing net
Armour
 a - a +0 robe (worn)
 m - a +0 helmet (worn)
Scrolls
 c - 2 scrolls of butterflies {unknown}
 d - 3 scrolls of identify {unknown}
 e - a scroll of poison {unknown}
 g - a scroll of enchant weapon {unknown}
 h - 2 scrolls of blinking {unknown}
 i - a scroll of vulnerability {unknown}
 j - a scroll of enchant armour {unknown}
 n - 2 scrolls of magic mapping {unknown}
 q - 2 scrolls of teleportation
 r - a scroll of noise {unknown}
 u - a scroll of immolation {unknown}
 w - a scroll of fear {unknown}
Potions
 b - 3 potions of magic
 f - 2 potions of cancellation {unknown}
 k - a potion of curing
 p - a potion of mutation {unknown}
 s - 2 potions of might {unknown}
 t - a potion of flight {unknown}
 v - a potion of heal wounds {unknown}


   Skills:
 - Level 2.4 Dodging
 - Level 2.4 Stealth
 + Level 5.0 Spellcasting
 + Level 5.5 Conjurations
 + Level 2.6 Hexes


You had 10 spell levels left.
You knew the following spells:

 Your Spells              Type           Power      Damage    Failure   Level
a - Magic Dart            Conj           100%       1d8       1%          1
b - Dazzling Flash        Conj/Hex       52%        N/A       4%          3

Your spell library contained the following spells:

 Spells                   Type           Power      Damage    Failure   Level
 Searing Ray              Conj           68%        2d6       1%          2
 Sting                    Tmut/Pois      24%        1d4       9%          1
 Summon Small Mammal      Summ           24%        N/A       9%          1
 Summon Guardian Golem    Hex/Summ       12%        N/A       14%         3
 Fulminant Prism          Conj/Hex       13%        3d9       16%         4
 Call Canine Familiar     Summ           6%         N/A       24%         3
 Ignite Poison            Fire/Tmut/Pois 6%         N/A       24%         3
 Iskenderun's Mystic Bla  Conj/Tloc      20%        2d6       26%         4
 Olgreb's Toxic Radiance  Pois           6%         N/A       63%         4
 Alistair's Intoxication  Tmut/Pois      4%         N/A       92%         5
 Dispersal                Tloc           3%         N/A       100%        6
 Disjunction              Tloc           3%         N/A       100%        8


Dungeon Overview and Level Annotations

Branches:
Dungeon (4/15)             Temple (1/1) D:4

Altars:
Cheibriados
Dithmenos
Elyvilon
Hepliaklqana
Kikubaaqudgha
Makhleb
Nemelex Xobeh
Okawaru
Qazlal
Ru
Sif Muna
Trog
Uskayaw
Xom
Yredelemnul
The Shining One


Message History

The scorpion is heavily wounded.
The scorpion barely misses you.
The orc wizard hits you with a +0 dagger of protection.
The scorpion barely misses you.
Casting: Dazzling Flash (quite dangerous; 4% risk of failure)
Confirm with . or Enter, or press ? or * to list all spells.
The spell is quite dangerous to miscast (4% risk of failure)!
Continue anyway?
Casting: Dazzling Flash (quite dangerous; 4% risk of failure)
Press: ? - help, Dir - look around, f - activate The scorpion is dazzled.
The orc wizard is dazzled.
The orc wizard hits you but does no damage.
The scorpion barely misses you.
The orc shouts!
You hit the scorpion but do no damage.
The scorpion is heavily wounded.
The orc wizard gestures at you while chanting.
The magic dart hits you.
The orc wizard gestures at you while chanting.
You resist with some effort.
The orc wizard is no longer blind.
The scorpion is no longer blind.
The orc wizard gestures at you while chanting.
The magic dart hits you.
The orc wizard gestures at you while chanting.
The magic dart hits you!
* * * LOW HITPOINT WARNING * * *
The orc wizard mumbles some strange words.
The orc wizard flickers and vanishes!
Deactivating autopickup; reactivate with Ctrl-A.
As you read the scroll labelled KYRAHE TOMIRCH, it crumbles to dust.
You feel strangely unstable.
It was a scroll of teleportation.
Your surroundings seem slightly different.
The orc wizard casts a spell at you.
You are confused.
The scorpion barely misses you. The scorpion barely misses you.
The orc wizard barely misses you. The scorpion barely misses you.
The scorpion barely misses you. The orc wizard barely misses you.
The orc misses you. The scorpion stings you.
You die...

##(................## #.#..
##...................# ##.##.
#....................# #..###
.......[........)...## #.##
....................# ####.####
...................## ###.......#
..................#####...###...#
................o.###...### ##..#
...............s@#....### ##.#
...............o...#### ###
.................### #
..............#...#
..........###..# ........## ##..#
......# #..# ##### #..


You could see a scorpion, an orc wizard and an orc.

Vanquished Creatures
  An iguana (D:4)
  6 adders
  2 dart slugs
  An orc (D:4)
  7 endoplasms
  4 giant cockroaches
  4 goblins
  4 hobgoblins
  4 quokkas
  8 ball pythons
  6 bats
  4 frilled lizards
  5 kobolds
  2 rats (D:1)
58 creatures vanquished.

Notes
Turn   | Place    | Note
-------+----------+-------------------------------------------
     0 | D:1      | warriortoast the Deep Elf Conjurer began the quest for the
                  | Orb.
     0 | D:1      | Reached XP level 1. HP: 10/10 MP: 6/6
   482 | D:1      | Reached XP level 2. HP: 15/15 MP: 4/8
   610 | D:1      | Got the Anthology of Putrescence
   801 | D:1      | Found a faded altar of an unknown god.
  1133 | D:2      | Reached skill level 5 in Conjurations
  1133 | D:2      | Reached XP level 3. HP: 19/19 MP: 5/10
  1137 | D:2      | Learned a level 3 spell: Dazzling Flash
  1572 | D:2      | Reached skill level 1 in Hexes
  2268 | D:3      | Reached XP level 4. HP: 24/24 MP: 10/12
  3297 | D:4      | Found a staircase to the Ecumenical Temple.
  3336 | Temple   | Entered the Ecumenical Temple
  3773 | Temple   | Became a worshipper of Sif Muna the Loreminder
  3826 | D:4      | Noticed a scorpion
  3919 | D:4      | Reached skill level 5 in Spellcasting
  3985 | D:4      | Reached XP level 5. HP: 28/28 MP: 10/14
  4255 | D:4      | HP: 1/28 [orc wizard/magic dart (8)]
  4269 | D:4      | Slain by a scorpion

Illustrated notes

Levels and vault maps discovered:
D:1:      lightli_arrival_boilingwater, layout_loops_corners,
          basic_ecumenical_altar
D:2:      layout_basic
D:3:      layout_loops_ring
D:4:      layout_cave_pods, minmay_temple_entry_antechambers
Temple:   compressed_dpeg_triangle_lava_temple

Skill      XL: |  1  2  3  4 |
---------------+-------------+-----
Spellcasting   | 4 5 |  5.0
Conjurations   | 5 |  5.5
Hexes          | 1 2 |  2.6
Dodging        | |  2.4
Stealth        | |  2.4

Action                   |  1- 3 |  4- 6 || total
-------------------------+-------+-------++-------
Melee: Unarmed           |     1 |       ||     1
       Short sword       |       |     5 ||     5
 Cast: Magic Dart        |    72 |    60 ||   132
       Dazzling Flash    |       |     2 ||     2
  Use: Potion            |     2 |       ||     2
       Scroll            |       |     1 ||     1
Armor: Robe              |     2 |     1 ||     3
Dodge: Dodged            |     6 |    18 ||    24
